 Dungeon Crawl Stone Soup version 0.22-a0-283-g1871b15 (webtiles) character file.

6462 vishdafish the Fighter (level 10, -6/87 HPs)
             Began as a Demonspawn Fighter on Mar 19, 2018.
             Was a Priest of Kikubaaqudgha.
             Mangled by zkyp's ghost (20 damage)
             ... on level 9 of the Dungeon.
             The game lasted 00:30:48 (10190 turns).

vishdafish the Fighter (Demonspawn Fighter)        Turns: 10190, Time: 00:30:49

Health: -6/87      AC:  6    Str: 20    XL:     10   Next: 68%
Magic:  15/15      EV: 16    Int: 12    God:    Kikubaaqudgha [***...]
Gold:   115        SH:  0    Dex: 14    Spells: 8/16 levels left

rFire    + . .     SeeInvis +   a - +1 trident
rCold    . . .     Gourm    .   (no shield)
rNeg     . . .     Faith    .   (no armour)
rPois    .         Spirit   .   x - +0 helmet (curse)
rElec    .         Reflect  .   u - +0 cloak
rCorr    .         Harm     .   m - +0 pair of gloves
MR       .....                  (no boots)
Stlth    +.........             (no amulet)
HPRegen  0.24/turn              p - ring of see invisible
MPRegen  0.14/turn              B - +4 ring of strength

@: no status effects
A: claws 1, rugged brown scales 3, fire resistance 1, powered by death 1
a: Receive Corpses, Renounce Religion


You were on level 9 of the Dungeon.
You worshipped Kikubaaqudgha.
Kikubaaqudgha was most pleased with you.
You were hungry.

You visited 1 branch of the dungeon, and saw 9 of its levels.

You collected 268 gold pieces.
You spent 153 gold pieces at shops.

Inventory:

Hand Weapons
 a - a +1 trident (weapon)
Missiles
 o - 28 sling bullets
Armour
 b - a +0 scale mail
 m - a +0 pair of gloves (worn)
 u - a +0 cloak (worn)
 x - a cursed +0 helmet (worn)
 A - a +2 shield
Jewellery
 p - a ring of see invisible (left hand)
 B - a +4 ring of strength (right hand)
Wands
 c - a wand of enslavement (6)
 k - a wand of digging (28)
 z - a wand of clouds (3)
 E - a wand of flame (16)
 F - a wand of polymorph (7)
 G - a wand of disintegration (10)
Scrolls
 e - a scroll of enchant armour
 g - 2 scrolls of magic mapping
 h - 7 scrolls of teleportation
 i - a scroll of random uselessness
 j - 4 scrolls of enchant weapon
 q - 3 scrolls of remove curse
 r - a scroll of immolation {unknown}
 y - 2 scrolls of amnesia {unknown}
 D - 2 scrolls of blinking
Potions
 d - a potion of mutation {unknown}
 l - 2 potions of resistance
 n - a potion of magic {unknown}
 t - a potion of flight
 v - a potion of invisibility {unknown}
 w - 2 potions of agility
 C - a potion of brilliance
Comestibles
 f - 14 rations


   Skills:
 * Level 8.4 Fighting
 + Level 7.3 Polearms
 - Level 5.0 Armour
 + Level 6.8 Dodging
 - Level 5.0 Shields
 - Level 3.5 Spellcasting
 - Level 5.5 Necromancy


You had 8 spell levels left.
You knew the following spells:

 Your Spells              Type           Power        Failure   Level  Hunger
a - Regeneration          Chrm/Necr      #.........   22%         3    ###....
b - Pain                  Necr           ###.         2%          1    #......
c - Animate Dead          Necr           N/A          24%         4    #####..


Dungeon Overview and Level Annotations

Branches:
Dungeon (9/15)             Temple (0/1) D:7             Orc (0/2) D:9
   Lair: D:8-11

Altars:
Elyvilon
Fedhas
Gozag
Kikubaaqudgha
Makhleb
Qazlal
Sif Muna
Uskayaw
Vehumet
Wu Jian
Xom

Shops:
D:4 ?*

Annotations:
D:8 Erica
D:9 zkyp's ghost, journeyman OpGl


Innate Abilities, Weirdness & Mutations

You have sharp fingernails.
You are completely covered in rugged brown scales. (AC +3, +7% HP)
Your flesh is heat resistant. (rF+)
You regenerate a little health from kills.


Message History

Aim: zkyp's ghost (noxious fumes, almost destroyed, covered in acid, chance to defeat MR: 21%) Zkyp's ghost resists with almost no effort.
Zkyp's ghost hits you.
* * * LOW HITPOINT WARNING * * *
Found a ration.
Evoke which item? (* to show all) (? for menu, Esc to quit)
Aiming: Disintegrate
Press: ? - help, Shift-Dir - straight line, f/p - zkyp's ghost
Aim: zkyp's ghost (almost destroyed, covered in acid, chance to defeat MR: 21%) Zkyp's ghost resists with almost no effort.
Zkyp's ghost hits you.
* * * LOW HITPOINT WARNING * * *
Evoke which item? (* to show all) (? for menu, Esc to quit)
Aiming: Disintegrate
Press: ? - help, Shift-Dir - straight line, f/p - zkyp's ghost
Aim: zkyp's ghost (almost destroyed, covered in acid, chance to defeat MR: 21%) Zkyp's ghost resists with almost no effort.
Zkyp's ghost hits you!!
You die...
Kikubaaqudgha rasps: "You have failed me!
Welcome... death!"

#.##.##(...(....#
.##. #.#...###.######
.......#.#..........#
...####...###.####.#
#.. ###)# #.. ... #..
#)# #.# #.# #.. #.#
#.# #.#
##.#<.######§#
#.####.#
#.....@W.§§§§#
#ZZZ....
....#..########
#Z####.. # #.. #.#
### #.. #.# ..% #..
...# ##.# ##.# .# #.
.# .#


You could see zkyp's ghost.

Vanquished Creatures
  A two-headed ogre (D:8)
  The ghost of Amnesiac the Thaumaturge, a novice DEWz (D:7)
  A hornet (D:9)
  Grinder (D:4)
  A hippogriff (D:9)
  Sigmund (D:3)
  3 wyverns
  4 hogs (D:7)
  A human (D:7)
  3 ice beasts
  4 phantoms
  3 orc warriors
  3 ogres
  3 centaurs
  Blork the orc (D:6)
  4 bullfrogs
  A gnoll sergeant (D:5)
  A scorpion (D:8)
  2 wights
  A howler monkey (D:4)
  2 bullfrog zombies
  4 crimson imps
  A jelly (D:7)
  2 hounds
  2 orc priests
  Crazy Yiuf (D:3)
  A gnoll shaman (D:9)
  A centaur skeleton (D:5)
  A bullfrog skeleton (D:8)
  An iguana (D:6)
  Natasha (thrice) (D:4)
  7 orc wizards
  6 worker ants
  A hound zombie (D:9)
  2 hound skeletons (D:7)
  A worker ant zombie (D:8)
  13 gnolls
  11 adders
  2 shadow imps
  2 oozes (D:2)
  2 adder skeletons
  An adder zombie (D:6)
  3 worms
  2 dart slugs
  A leopard gecko (D:3)
  21 orcs
  3 bats
  4 giant cockroaches
  10 hobgoblins
  5 jackals
  11 kobolds
  6 quokkas
  A ball python (D:4)
  6 frilled lizards
  7 goblins
  A jackal skeleton (D:5)
  6 rats
  A fungus (D:3)
195 creatures vanquished.

Vanquished Creatures (collateral kills)
  An ice beast (D:9)
  2 orcs (D:9)
3 creatures vanquished.

Vanquished Creatures (others)
  3 hippogriffs (D:9)
  A big kobold (D:9)
4 creatures vanquished.

Grand Total: 202 creatures vanquished

Notes
Turn   | Place    | Note
-------+----------+-------------------------------------------
     0 | D:1      | vishdafish the Demonspawn Fighter began the quest for the Orb.
     0 | D:1      | Reached XP level 1. HP: 18/18 MP: 1/1
   141 | D:1      | Gained mutation: You regenerate a little health from kills. [demonic ancestry]
   141 | D:1      | Reached XP level 2. HP: 8/24 MP: 2/2
   700 | D:2      | Gained mutation: You are partially covered in rugged brown scales. (AC +1, +3% HP) [demonic ancestry]
   700 | D:2      | Reached XP level 3. HP: 13/29 MP: 3/3
   930 | D:2      | Found an opulent altar of Gozag.
   987 | D:2      | Found an ancient bone altar of Kikubaaqudgha.
  1162 | D:2      | Reached XP level 4. HP: 33/36 MP: 4/4
  1299 | D:2      | Reached skill level 1 in Dodging
  1343 | D:2      | Found a deep blue altar of Sif Muna.
  1345 | D:2      | Found a radiant altar of Vehumet.
  1349 | D:2      | Identified Sif Muna's Catalogue of Protection
  1361 | D:2      | Became a worshipper of Kikubaaqudgha
  2360 | D:3      | Gained mutation: Your flesh is heat resistant. (rF+) [demonic ancestry]
  2360 | D:3      | Reached XP level 5. HP: 39/43 MP: 5/5
  2370 | D:3      | Reached skill level 1 in Necromancy
  2620 | D:3      | Found a runed door.
  2732 | D:4      | Found Utyrhill's Magic Scroll Shoppe.
  2732 | D:4      | Noticed a phantom
  2784 | D:4      | Killed a phantom
  2784 | D:4      | Gained mutation: You have sharp fingernails. [demonic ancestry]
  2784 | D:4      | Reached XP level 6. HP: 24/49 MP: 5/7
  2793 | D:4      | Noticed Grinder
  2794 | D:4      | Found an ornate altar of the Wu Jian Council.
  2839 | D:4      | HP: 2/49 [dart slug/slug dart (6)]
  3137 | D:4      | Found a white marble altar of Elyvilon.
  3205 | D:3      | Reached skill level 1 in Spellcasting
  3254 | D:3      | Reached * piety under Kikubaaqudgha
  3254 | D:3      | Identified Kikubaaqudgha's Handbook of Black Secrets (Kikubaaqudgha gifted it to you on level 3 of the Dungeon)
  3254 | D:3      | Received a gift from Kikubaaqudgha
  3368 | D:3      | Learned a level 3 spell: Regeneration
  3551 | D:3      | Learned a level 1 spell: Pain
  3552 | D:4      | Found Zauxaf's Assorted Antiques.
  3567 | D:4      | Reached skill level 4 in Fighting
  3928 | D:4      | Bought a scroll of teleportation for 33 gold pieces
  3928 | D:4      | Bought a scroll of teleportation for 33 gold pieces
  3942 | D:4      | Paralysed by Grinder for 5 turns
  3951 | D:4      | Killed Grinder
  3951 | D:4      | Gained mutation: You are mostly covered in rugged brown scales. (AC +2, +5% HP) [demonic ancestry]
  3951 | D:4      | Reached XP level 7. HP: 56/56 MP: 8/8
  4036 | D:4      | Noticed Natasha
  4048 | D:4      | Killed Natasha
  4065 | D:4      | Noticed Natasha
  4068 | D:4      | Killed Natasha
  4106 | D:4      | Noticed Natasha
  4110 | D:4      | Killed Natasha
  4122 | D:4      | Bought a puce potion for 21 gold pieces
  4286 | D:4      | Bought a smoky amethyst potion for 21 gold pieces
  4304 | D:5      | Entered Level 5 of the Dungeon
  5172 | D:5      | Reached XP level 8. HP: 56/63 MP: 9/9
  5256 | D:5      | Reached skill level 5 in Necromancy
  5485 | D:4      | Bought an emerald potion for 21 gold pieces
  5485 | D:4      | Bought a scroll labeled WEDYSA WUCRIMEQAMP for 24 gold pieces
  5563 | D:3      | Noticed Crazy Yiuf
  5563 | D:3      | Noticed Sigmund
  5579 | D:3      | Killed Sigmund
  5593 | D:3      | Killed Crazy Yiuf
  5730 | D:6      | Found a stormy altar of Qazlal.
  5737 | D:6      | Found a blossoming altar of Fedhas.
  6214 | D:6      | Noticed Blork the orc
  6441 | D:5      | Reached skill level 5 in Armour
  6545 | D:6      | Killed Blork the orc
  6545 | D:6      | Reached skill level 5 in Shields
  6708 | D:5      | Reached ** piety under Kikubaaqudgha
  7165 | D:6      | Gained mutation: You are completely covered in rugged brown scales. (AC +3, +7% HP) [demonic ancestry]
  7165 | D:6      | Reached XP level 9. HP: 63/69 MP: 12/12
  7438 | D:7      | Reached skill level 5 in Polearms
  7461 | D:7      | Noticed Amnesiac's ghost (novice DEWz)
  7527 | D:7      | Killed Amnesiac's ghost
  7638 | D:7      | Found a staircase to the Ecumenical Temple.
  7687 | D:7      | Found a burning altar of Makhleb.
  7690 | D:7      | Reached skill level 5 in Dodging
  7691 | D:7      | Found a shimmering altar of Xom.
  7874 | D:7      | Reached skill level 5 in Fighting
  8164 | D:7      | Found a hide-covered altar of Uskayaw.
  8659 | D:8      | Reached skill level 6 in Fighting
  8789 | D:8      | Reached XP level 10. HP: 82/82 MP: 15/15
  8830 | D:8      | Noticed a two-headed ogre
  8838 | D:8      | Killed a two-headed ogre
  8839 | D:8      | Noticed Erica
  8889 | D:7      | HP: 3/82 [wyvern (10)]
  8897 | D:7      | HP: 4/82 [wyvern (9)]
  8908 | D:7      | Reached skill level 7 in Fighting
  9790 | D:9      | Reached skill level 8 in Fighting
  9798 | D:9      | Reached *** piety under Kikubaaqudgha
  9798 | D:9      | Identified Kikubaaqudgha's Tome of Darkness (Kikubaaqudgha gifted it to you on level 9 of the Dungeon)
  9798 | D:9      | Received a gift from Kikubaaqudgha
  9860 | D:9      | Learned a level 4 spell: Animate Dead
 10018 | D:9      | Found a staircase to the Orcish Mines.
 10148 | D:9      | Noticed zkyp's ghost (journeyman OpGl)
 10190 | D:9      | Mangled by zkyp's ghost

Vault maps used:
D:1:      saegor_arrival_simple_e
D:2:      grunt_temple_overflow_magic_moments, lemuel_crystal_altar,
          minmay_hexomino_p4
D:3:      nicolae_overflow_hidden_temple, first_ration,
          hangedman_decor_diamond_cutter, uniq_crazy_yiuf_cottage, uniq_sigmund
D:4:      old_standard_altar, overflow_temple_1_default, serial_shops,
          nicolae_shop_stone, nicolae_shop_overgrown_old_shop, uniq_natasha,
          uniq_grinder
D:6:      grunt_temple_overflow_forces_of_nature, serial_glass, glass_columns_a,
          glass_columns_c, sword_in_stone
D:7:      grunt_temple_overflow_champion_of_chaos, old_standard_altar,
          minmay_temple_entry_statues, grunt_livestock, minmay_misc_feat_alley
D:8:      uniq_erica
D:9:      orc_0_dummy

Skill      XL: |  1  2  3  4  5  6  7  8  9 10 |
---------------+-------------------------------+-----
Polearms       | 2 3 4 6 7 |  7.3
Armour         | 3 4 5 |  5.0
Shields        | 3 4 5 |  5.0
Dodging        | 1 2 3 4 5 6 |  6.8
Necromancy     | 1 3 4 5 |  5.5
Spellcasting   | 1 2 3 |  3.5
Fighting       | 4 6 8 |  8.4

Action                   |  1- 3 |  4- 6 |  7- 9 | 10-12 || total
-------------------------+-------+-------+-------+-------++-------
Melee: Trident           |   165 |   314 |   608 |   257 ||  1344
 Cast: Animate Dead      |       |       |       |     4 ||     4
Evoke: Wand              |       |     2 |     2 |    40 ||    44
  Use: Potion            |     2 |     2 |     5 |     5 ||    14
       Scroll            |       |     8 |     5 |     4 ||    17
  Eat: Chunk             |     1 |     5 |     4 |     2 ||    12
       Ration            |       |     1 |     4 |     1 ||     6
Armor: Scale mail        |    95 |   107 |   154 |    64 ||   420
       Skin              |     7 |     4 |    18 |     9 ||    38
Dodge: Dodged            |    52 |    67 |   136 |   117 ||   372
Block: Shield            |    69 |   127 |   319 |   129 ||   644

Table legend:
 A = Spawn XP
 B = Non-spawn XP
 C = Spawn XP percentage of total XP
 D = Spawn monster count
 E = Non-spawn monster count
 F = Spawn count percentage of total count
 G = Total turns spent on level
                    A         B        C        D         E        F      G
               +---------+---------+-------+---------+---------+-------+---------
         Total |       0 |    9232 |   0.0 |       0 |     199 |   0.0 | 10190
               +---------+---------+-------+---------+---------+-------+---------
           D:1 |       0 |      35 |   0.0 |       0 |      15 |   0.0 |   844
           D:2 |       0 |     110 |   0.0 |       0 |      34 |   0.0 |   845
           D:3 |       0 |     395 |   0.0 |       0 |      25 |   0.0 |  1641
           D:4 |       0 |     689 |   0.0 |       0 |      17 |   0.0 |  1216
           D:5 |       0 |    1206 |   0.0 |       0 |      24 |   0.0 |  2030
           D:6 |       0 |     428 |   0.0 |       0 |      14 |   0.0 |   833
           D:7 |       0 |    2312 |   0.0 |       0 |      19 |   0.0 |  1518
           D:8 |       0 |    1709 |   0.0 |       0 |      16 |   0.0 |   336
           D:9 |       0 |    2348 |   0.0 |       0 |      35 |   0.0 |   927
               +---------+---------+-------+---------+---------+-------+---------
